Map: Aire du défenseur EC

Players

zidar

  • Race: Zerg Zerg
  • League: Gold
  • Spawn Location: 1:00

fanstatic - Winner!

  • Race: Terran Terran
  • League: Gold
  • Spawn Location: 7:00

VOD

Have the link to the VOD?

Description

Time

  • Played on: June 24, 2017, 3:47 p.m.
  • Length: 13:07
Show
View Real Time Build Order
Export as new Build Order

zidar Zerg 

Build Orders: Hatch First 

Get SALT Encoding   

  12  0:01  Drone  
  13  0:12  Overlord  
  13  0:17  Drone  
  14  0:31  Drone x2  
  16  0:53  Hatchery  
  16  0:56  Drone  
  16  1:02  Extractor  
  15  1:05  Drone  
  16  1:25  Spawning Pool  
  15  1:26  Drone  
  15  1:29  Drone  
  16  1:45  Drone  
  17  1:48  Drone  
  18  1:56  Overlord  
  18  2:12  Queen x2  
  22  2:18  Metabolic Boost  
  22  2:22  Zergling x2  
  23  2:24  Zergling x2  
  24  2:33  Drone x2  
  26  2:58  Roach Warren  
  26  2:59  Queen  
  27  3:08  Extractor, Drone x3  
  27  3:43  Roach x4  
  35  3:49  Overlord x3  
  35  4:18  Roach x8  
  51  4:29  Ravager  
  52  4:51  Ravager  
  53  5:06  Roach  
  53  5:07  Roach x2  
  59  5:24  Overlord x2  
  59  5:25  Overlord  
  33  6:03  Roach x13  
  55  6:46  Drone x7  
  62  6:48  Drone x6  
  72  7:01  Roach x2  
  72  7:08  Extractor  
  72  7:10  Drone  
  72  7:11  Extractor  
  71  7:16  Roach  
  73  7:35  Drone x2  
  75  7:38  Drone x3  
  75  7:39  Drone  
  79  7:44  Roach x2  
  79  7:47  Ravager  
  82  7:54  Overlord  
  82  7:55  Overlord  
  82  8:16  Roach x7  
  94  8:35  Roach x3  
  99  8:55  Ravager  
  99  8:57  Ravager  
  99  9:00  Overlord  
  99  9:01  Overlord x8  
  100  9:50  Roach x6  
  88  10:27  Roach x8  
  88  10:28  Roach x3  
  110  10:47  Hatchery  
  109  10:54  Lair  
  109  11:02  Ravager  
  110  11:07  Ravager  
  110  11:10  Ravager  
  112  11:14  Ravager  
  112  11:17  Roach  
  112  11:18  Roach x10  
  135  11:22  Queen  
  137  11:33  Roach x4  
  124  12:44  Extractor  
Show
View Real Time Build Order
Export as new Build Order

fanstatic Terran - Winner!

Build Orders:  

Get SALT Encoding   

  12  0:01  SCV  
  13  0:13  SCV  
  14  0:18  Supply Depot  
  14  0:25  SCV  
  15  0:40  SCV  
  15  0:41  Barracks  
  16  0:51  Refinery  
  16  0:52  SCV  
  17  1:04  SCV  
  18  1:16  SCV  
  19  1:26  Supply Depot  
  19  1:28  Marine  
  20  1:38  Orbital Command  
  20  1:56  Command Center  
  20  2:05  SCV  
  21  2:26  Barracks, Barracks Reactor  
  21  2:42  SCV  
  22  2:48  Factory  
  22  2:49  Refinery  
  22  2:54  SCV  
  23  3:03  Marine x2  
  25  3:07  Bunker  
  22  3:35  Orbital Command  
  21  3:42  Marine x2  
  21  3:43  Barracks Tech Lab  
  21  3:44  Factory Tech Lab  
  21  3:48  SCV, Starport  
  24  4:00  SCV  
  24  4:01  Marine x2  
  27  4:04  Stimpack  
  27  4:07  Marauder  
  29  4:14  SCV  
  29  4:15  SCV  
  31  4:24  Siege Tank  
  34  4:42  SCV x2  
  34  4:44  Marine x2  
  38  4:47  Starport Reactor  
  39  4:54  Marauder  
  40  5:00  Supply Depot  
  40  5:01  Supply Depot  
  40  5:02  Marine  
  41  5:09  Siege Tank  
  44  5:17  Command Center  
  44  5:23  SCV x2  
  46  5:31  Engineering Bay  
  46  5:32  Engineering Bay  
  47  5:35  SCV x2  
  47  5:37  Medivac  
  47  5:38  Medivac  
  47  6:03  Marine x2  
  47  6:04  Marauder  
  51  6:06  Siege Tank  
  54  6:18  SCV x2  
  56  6:20  Marine  
  57  6:28  Marine  
  57  6:29  Marauder  
  57  6:30  Medivac  
  62  6:38  Marine  
  63  6:45  Barracks  
  63  6:46  Barracks  
  63  6:52  Terran Infantry Weapons Level 1  
  63  6:59  Marine x2  
  63  7:00  Marauder, Refinery x2  
  67  7:10  Combat Shield  
  68  7:15  SCV x2  
  70  7:22  SCV  
  70  7:27  SCV  
  70  7:28  SCV  
  72  7:35  SCV  
  73  7:40  SCV x2  
  75  7:46  Barracks Reactor  
  75  7:47  Barracks Reactor  
  75  7:49  Terran Infantry Armor Level 1  
  75  7:54  Planetary Fortress  
  75  8:11  Marine x2  
  77  8:17  Supply Depot  
  77  8:19  Supply Depot  
  77  8:20  Supply Depot  
  77  8:21  Supply Depot  
  76  8:28  Marauder  
  76  8:38  Marine  
  76  8:39  Marine x4, Medivac x2  
  85  8:42  Siege Tank  
  85  8:43  Supply Depot  
  85  8:44  Supply Depot  
  88  8:55  Marine x2  
  88  9:02  Barracks x2  
  90  9:15  Siege Tank  
  93  9:25  Marine x3  
  93  9:26  Marine x3, Marauder  
  98  10:02  Siege Tank, Medivac x2  
  89  10:29  Marine  
  89  10:30  Marine x4, Marauder  
  89  10:31  Barracks Reactor  
  89  10:34  Barracks Reactor  
  96  10:35  Barracks  
  96  10:40  Supply Depot  
  96  10:41  Supply Depot  
  96  10:43  SCV  
  97  10:52  Marauder  
  99  11:13  Marauder  
  101  11:24  Marine x3  
  101  11:25  Marine x2  
  106  11:27  Marine x6  
  112  11:34  SCV  
  112  11:35  Marauder, SCV x2  
  117  11:42  Marine  
  117  11:45  Marine x3  
  117  11:46  Marine  
  122  11:56  Marauder  
  124  12:17  Marauder  
  126  12:25  Marine x3  
  126  12:26  Marine x5  
  126  12:27  Marine x3  
  140  12:43  Marine  
  141  12:45  Marine  
Tags
 
Add a new tag
Caveats
  • Supply blocks, unpowered buildings, or Contaminate may cause inaccurate times.
  • Supply counts are checked every 10 seconds.